[Event "ICC tourney 2308 (3 2)"]
[Site "Internet Chess Club"]
[Date "2021.01.15"]
[Round "3"]
[White "A4-H5"]
[Black "acgc"]
[Result "1-0"]
[ICCResult "Black checkmated"]
[WhiteElo "1999"]
[BlackElo "946"]
[Opening "Amar (Paris) opening"]
[ECO "A00"]
[NIC "VO.16"]
[Time "20:31:22"]
[PlyCount "131"]
[TimeControl "180+2"]

1. Nh3 Nc6 2. d4 d5 3. Nc3 Nf6 4. Bf4 Bf5 5. Nb5 Rc8 6. c3 e6 7. Qa4 a6 8.
Na7 Rb8 9. Nxc6 bxc6 10. Qxc6+ Nd7 11. b3 Rc8 12. g4 Bxg4 13. Rg1 Bf5 14.
Ng5 Be7 15. Nf3 O-O 16. e3 Nf6 17. Qxa6 Ne4 18. Rc1 Ra8 19. Qc6 Bd6 20.
Bxd6 cxd6 21. a4 Qa5 22. Qb5 Qc7 23. Qb4 Rfb8 24. Qa3 Qb7 25. b4 f6 26. Bd3
Rc8 27. Bxe4 Bxe4 28. Nd2 Bd3 29. a5 Ba6 30. Qb2 e5 31. f3 exd4 32. exd4
Re8+ 33. Kf2 Qb5 34. Rce1 Re2+ 35. Rxe2 Qxe2+ 36. Kg3 Re8 37. Qc1 g6 38.
Rg2 h5 39. Rxe2 Bxe2 40. h4 Re3 41. Kf2 Re8 42. Qe1 Bb5 43. Qxe8+ Bxe8 44.
Nb1 g5 45. Na3 Bd7 46. b5 Kf8 47. a6 Bc8 48. Nc2 gxh4 49. Ne3 Ke7 50. Nxd5+
Ke6 51. Nf4+ Kf5 52. Nxh5 h3 53. Kg3 Kg5 54. Ng7 f5 55. Ne8 f4+ 56. Kh2 Kh4
57. Nxd6 Bd7 58. b6 Bc6 59. b7 Bxb7 60. axb7 Kg5 61. b8=Q Kh4 62. Qd8+ Kh5
63. Qh8+ Kg5 64. Qg7+ Kh4 65. Nf5+ Kh5 66. Qg4# { Black checkmated } 1-0

[Event "ICC tourney 2308 (3 2)"]
[Site "Internet Chess Club"]
[Date "2021.01.15"]
[Round "3"]
[White "aberdeenace"]
[Black "MarfaEs"]
[Result "0-1"]
[ICCResult "White checkmated"]
[WhiteElo "1546"]
[BlackElo "2004"]
[Opening "Sicilian defense"]
[ECO "B20"]
[NIC "SI.48"]
[Time "20:31:07"]
[PlyCount "128"]
[TimeControl "180+2"]

1. e4 c5 2. Bc4 Nc6 3. c3 e6 4. f4 d5 5. exd5 exd5 6. Bb5 Nf6 7. Nf3 Bd6 8.
d3 Qe7+ 9. Qe2 Qxe2+ 10. Kxe2 O-O 11. Re1 Bf5 12. h3 h5 13. Be3 Rfe8 14.
Kf2 a6 15. Bxc6 bxc6 16. d4 Ne4+ 17. Kg1 Rab8 18. b3 cxd4 19. Nxd4 Bd7 20.
Ne2 c5 21. Nd2 Nxd2 22. Bxd2 h4 23. Kf2 Re4 24. g3 Rbe8 25. g4 d4 26. c4 d3
27. Nc3 Rxe1 28. Rxe1 Rxe1 29. Kxe1 Bc6 30. Kf2 g6 31. Ke3 Kg7 32. Kxd3 Bg2
33. Ne4 Be7 34. Be3 Bxh3 35. Bxc5 Bxc5 36. Nxc5 Bxg4 37. Nxa6 h3 38. c5 Bf3
39. b4 h2 40. b5 h1=Q 41. c6 Qd1+ 42. Kc4 Qd5+ 43. Kb4 Qd4+ 44. Ka5 Qc3+
45. Kb6 Qd4+ 46. Kb7 Qd7+ 47. Kb6 Qe6 48. a4 f6 49. Nc5 Qe8 50. c7 Qc8 51.
a5 g5 52. a6 g4 53. f5 g3 54. Ne6+ Kh6 55. Kc5 g2 56. b6 g1=Q+ 57. Kb5 Qf1+
58. Kc5 Qc1+ 59. Kd6 Qd2+ 60. Kc5 Qc3+ 61. Kd6 Qb4+ 62. Nc5 Qf8+ 63. Kd7
Qd4+ 64. Ke6 Qdd6# { White checkmated } 0-1

[Event "ICC tourney 2308 (3 2)"]
[Site "Internet Chess Club"]
[Date "2021.01.15"]
[Round "3"]
[White "WaSabi5829"]
[Black "Kinawa"]
[Result "1/2-1/2"]
[ICCResult "Game drawn by repetition"]
[WhiteElo "1386"]
[BlackElo "1535"]
[Opening "English: Sicilian reversed"]
[ECO "A25"]
[NIC "EO.23"]
[Time "20:31:04"]
[PlyCount "154"]
[TimeControl "180+2"]

1. c4 e5 2. Nc3 Nc6 3. e4 Nf6 4. d3 Bc5 5. g3 a5 6. a3 d6 7. h3 Be6 8. Bg2
O-O 9. Nge2 Nd7 10. O-O f5 11. Kh2 Nd4 12. Nxd4 Bxd4 13. Ne2 Ba7 14. f4 Nc5
15. b4 axb4 16. axb4 Nd7 17. Bb2 c6 18. Qc2 fxe4 19. Bxe4 exf4 20. Nxf4 Bf7
21. d4 Nf6 22. Bd3 Qd7 23. Rae1 Rae8 24. Rxe8 Rxe8 25. c5 d5 26. Qa4 Bb8
27. b5 Bxf4 28. Rxf4 Ne4 29. Bxe4 dxe4 30. Rf2 e3 31. Re2 Bd5 32. bxc6 bxc6
33. Bc1 Qf5 34. Qd1 Qg5 35. Qf1 Bc4 36. Qf3 Bxe2 37. Qxe2 Qf5 38. Bxe3 Qe4
39. Qc4+ Kh8 40. Bf4 Qe2+ 41. Qxe2 Rxe2+ 42. Kg1 Re4 43. Be5 Kg8 44. Kf2 g6
45. Kf3 Re1 46. h4 Kf7 47. Kg4 h6 48. Kf4 Rf1+ 49. Ke3 Ke6 50. Kd3 Rf3+ 51.
Ke4 Rf1 52. Kd3 g5 53. hxg5 hxg5 54. Ke4 Rf8 55. Bd6 Rf7 56. Be5 Rf5 57.
Bc7 g4 58. Be5 Rf3 59. Bc7 Rf7 60. Be5 Rf3 61. Bc7 Rf1 62. Be5 Rf3 63. Bb8
Rf1 64. Bc7 Rf3 65. Bf4 Rf1 66. Be3 Rf5 67. Bf4 Rf7 68. Be3 Rf3 69. Bf4 Ra3
70. Be3 Ra8 71. Bf4 Rf8 72. Be3 Rf5 73. Bf4 Rf8 74. Be3 Rf5 75. Bf4 Rf8 76.
Be3 Rf5 77. Bf4 Rf8 { Game drawn by repetition } 1/2-1/2

[Event "ICC tourney 2308 (3 2)"]
[Site "Internet Chess Club"]
[Date "2021.01.15"]
[Round "4"]
[White "chessrex"]
[Black "pracheth18"]
[Result "1-0"]
[ICCResult "Black checkmated"]
[WhiteElo "1949"]
[BlackElo "1733"]
[Opening "Blackmar-Diemer gambit"]
[ECO "A45"]
[NIC "QP.07"]
[Time "20:44:33"]
[PlyCount "27"]
[TimeControl "180+2"]

1. d4 Nf6 2. f3 d5 3. e4 dxe4 4. Nc3 exf3 5. Nxf3 c5 6. Bf4 cxd4 7. Nb5 Nd5
8. Bxb8 Rxb8 9. Qxd4 a6 10. Qxd5 axb5 11. Bxb5+ Bd7 12. O-O-O Bxb5 13.
Qxb5+ Qd7 14. Qxd7# { Black checkmated } 1-0

[Event "ICC tourney 2308 (3 2)"]
[Site "Internet Chess Club"]
[Date "2021.01.15"]
[Round "4"]
[White "kurumania"]
[Black "TjkTiger"]
[Result "1/2-1/2"]
[ICCResult "Game drawn by mutual agreement"]
[WhiteElo "2514"]
[BlackElo "2597"]
[Opening "Sicilian: closed"]
[ECO "B23"]
[NIC "SI.44"]
[Time "20:44:38"]
[PlyCount "26"]
[TimeControl "180+2"]

1. e4 c5 2. Nc3 g6 3. d4 cxd4 4. Qxd4 Nf6 5. Bg5 Nc6 6. Qd2 Bg7 7. Bh6 Bxh6
8. Qxh6 Qb6 9. O-O-O d6 10. f3 Be6 11. Nge2 Rc8 12. Kb1 Nb4 13. a3 Na6 {
Game drawn by mutual agreement } 1/2-1/2

[Event "ICC tourney 2308 (3 2)"]
[Site "Internet Chess Club"]
[Date "2021.01.15"]
[Round "4"]
[White "saif-shawkat"]
[Black "DejaVu"]
[Result "1-0"]
[ICCResult "Black resigns"]
[WhiteElo "2059"]
[BlackElo "1850"]
[Opening "Ruy Lopez: 5.O-O"]
[ECO "C78"]
[NIC "RL.12"]
[Time "20:44:25"]
[PlyCount "59"]
[TimeControl "180+2"]

1. e4 e5 2. Nf3 Nc6 3. Bb5 a6 4. Ba4 Nf6 5. O-O b5 6. Bb3 Bc5 7. c3 d6 8.
d4 Bb6 9. a4 Rb8 10. a5 Ba7 11. Be3 O-O 12. h3 Bb7 13. d5 Ne7 14. Bxa7 Ra8
15. Be3 h6 16. Nbd2 Ng6 17. Re1 Re8 18. c4 b4 19. c5 Nh5 20. cxd6 cxd6 21.
Nc4 Nhf4 22. Bxf4 Nxf4 23. g3 Nxh3+ 24. Kg2 Ng5 25. Nxg5 Qxg5 26. Nxd6 Re7
27. Nxb7 Rxb7 28. Rc1 Kh7 29. Rc6 f5 30. exf5 { Black resigns } 1-0

[Event "ICC tourney 2308 (3 2)"]
[Site "Internet Chess Club"]
[Date "2021.01.15"]
[Round "4"]
[White "blackjack721"]
[Black "Gnanathan"]
[Result "1-0"]
[ICCResult "Black resigns"]
[WhiteElo "1454"]
[BlackElo "1101"]
[Opening "Sicilian, Chekhover variation"]
[ECO "B53"]
[NIC "SI.02"]
[Time "20:44:46"]
[PlyCount "37"]
[TimeControl "180+2"]

1. e4 c5 2. Nf3 d6 3. d4 cxd4 4. Qxd4 Nc6 5. Qa4 Bd7 6. Nc3 Nf6 7. Bf4 Ne5
8. Bb5 Nxf3+ 9. gxf3 Bxb5 10. Nxb5 Qd7 11. O-O-O a6 12. e5 Nh5 13. exd6
Nxf4 14. Nc7+ Kd8 15. Qxf4 exd6 16. Nxa8 Be7 17. Nb6 Qc6 18. Nd5 h6 19.
Nxe7 { Black resigns } 1-0

[Event "ICC tourney 2308 (3 2)"]
[Site "Internet Chess Club"]
[Date "2021.01.15"]
[Round "4"]
[White "leilei8514"]
[Black "coolsportsguy"]
[Result "0-1"]
[ICCResult "White checkmated"]
[WhiteElo "1397"]
[BlackElo "2330"]
[Opening "French: Tarrasch, open variation"]
[ECO "C07"]
[NIC "FR.18"]
[Time "20:44:20"]
[PlyCount "66"]
[TimeControl "180+2"]

1. e4 e6 2. d4 d5 3. Nd2 c5 4. Ngf3 cxd4 5. Nxd4 Nc6 6. Nxc6 bxc6 7. c4 Nf6
8. Qa4 dxe4 9. Nxe4 Nxe4 10. Qxc6+ Bd7 11. Qxe4 Bb4+ 12. Bd2 Bxd2+ 13. Kxd2
Bc6+ 14. Qd3 Qa5+ 15. Qc3 Rd8+ 16. Kc2 Qf5+ 17. Bd3 Rxd3 18. Qxd3 Be4 19.
Rad1 O-O 20. Kc3 Bxd3 21. Rxd3 Qxf2 22. Rg3 Rc8 23. Rd1 g6 24. Rgd3 Qxg2
25. Rd7 Qxh2 26. Rxa7 Qe5+ 27. Kc2 Rxc4+ 28. Kb1 Qe4+ 29. Ka1 Kg7 30. a3 h5
31. Rdd7 Rc1+ 32. Ka2 Qc4+ 33. b3 Qc2# { White checkmated } 0-1

[Event "ICC tourney 2308 (3 2)"]
[Site "Internet Chess Club"]
[Date "2021.01.15"]
[Round "4"]
[White "clair"]
[Black "WaSabi5829"]
[Result "0-1"]
[ICCResult "White checkmated"]
[WhiteElo "1681"]
[BlackElo "1386"]
[Opening "Old Benoni defense"]
[ECO "A43"]
[NIC "OI.09"]
[Time "20:44:18"]
[PlyCount "62"]
[TimeControl "180+2"]

1. d4 c5 2. c3 Nf6 3. Bf4 e6 4. e3 d5 5. Nf3 Nc6 6. Nbd2 Bd6 7. Ne5 Qc7 8.
Ndf3 Nd7 9. Nxc6 bxc6 10. dxc5 Bxf4 11. exf4 Qxf4 12. Qd4 Qf6 13. Qxf6 gxf6
14. b4 a5 15. Be2 Ke7 16. O-O Ba6 17. Bxa6 Rxa6 18. a3 Rha8 19. Nd4 Ne5 20.
f4 Nd7 21. bxa5 Nxc5 22. Rfe1 Kd6 23. Rab1 Rxa5 24. Rb6 R5a6 25. Nb5+ Kd7
26. Rxa6 Rxa6 27. Nd4 Rxa3 28. Re3 Ne4 29. Ne2 Ra1+ 30. Nc1 Rxc1+ 31. Re1
Rxe1# { White checkmated } 0-1

[Event "ICC tourney 2308 (3 2)"]
[Site "Internet Chess Club"]
[Date "2021.01.15"]
[Round "4"]
[White "stephenwilly"]
[Black "acgc"]
[Result "1-0"]
[ICCResult "Black checkmated"]
[WhiteElo "1460"]
[BlackElo "946"]
[Opening "Giuoco Pianissimo: Canal variation"]
[ECO "C50"]
[NIC "IG.02"]
[Time "20:44:49"]
[PlyCount "87"]
[TimeControl "180+2"]

1. e4 e5 2. Nf3 Nc6 3. Bc4 Bc5 4. Nc3 Nf6 5. d3 d6 6. Bg5 Be6 7. Bb3 Qe7 8.
Bd5 Bxd5 9. Nxd5 Qd8 10. c3 h6 11. Bxf6 gxf6 12. Nh4 Rg8 13. Qf3 Rf8 14.
Nxf6+ Ke7 15. Nh5 Kd7 16. Qf5+ Ke8 17. Nf6+ Ke7 18. Nd5+ Ke8 19. Qg4 Qd7
20. Nf6+ Ke7 21. Nxd7 Rg8 22. Qf5 Rg5 23. Qh3 Rag8 24. Nf5+ Kd8 25. Nxh6
R8g6 26. Nxf7+ Ke7 27. Nxg5 Rxg5 28. Qh4 Kxd7 29. Qxg5 Ke6 30. h4 Ne7 31.
h5 d5 32. h6 dxe4 33. dxe4 Nc6 34. h7 Be7 35. Qf5+ Kd6 36. h8=Q Nb4 37.
cxb4 c5 38. g4 cxb4 39. g5 Bxg5 40. Qxg5 b3 41. axb3 b5 42. Rxa7 b4 43.
Rh6+ Kc5 44. Qgxe5# { Black checkmated } 1-0

[Event "ICC tourney 2308 (3 2)"]
[Site "Internet Chess Club"]
[Date "2021.01.15"]
[Round "4"]
[White "mchessmaster"]
[Black "PearsonH"]
[Result "0-1"]
[ICCResult "White resigns"]
[WhiteElo "1955"]
[BlackElo "1752"]
[Opening "French: exchange variation"]
[ECO "C01"]
[NIC "FR.01"]
[Time "20:44:26"]
[PlyCount "68"]
[TimeControl "180+2"]

1. e4 e6 2. d4 d5 3. exd5 exd5 4. Bd3 Bd6 5. Nf3 Nf6 6. O-O O-O 7. Bg5 Bg4
8. Nbd2 Nbd7 9. c3 c6 10. Qc2 Qc7 11. h3 Bh5 12. Rfe1 Rfe8 13. Bf5 Bg6 14.
Bxg6 hxg6 15. Rxe8+ Rxe8 16. Re1 Rxe1+ 17. Nxe1 Bf4 18. Bxf4 Qxf4 19. Nef3
Ne4 20. Nxe4 dxe4 21. Qd2 Qf6 22. Nh2 Qe6 23. b3 Nf6 24. Qf4 Nd5 25. Qb8+
Kh7 26. Qxb7 Nxc3 27. Qxa7 e3 28. d5 Qxd5 29. Qxe3 Qd1+ 30. Nf1 Ne2+ 31.
Kh2 Qxf1 32. h4 Qg1+ 33. Kh3 Qh1+ 34. Kg4 Qxg2+ { White resigns } 0-1

[Event "ICC tourney 2308 (3 2)"]
[Site "Internet Chess Club"]
[Date "2021.01.15"]
[Round "4"]
[White "Shakhmatova"]
[Black "RatislavK"]
[Result "1-0"]
[ICCResult "Black checkmated"]
[WhiteElo "1756"]
[BlackElo "1533"]
[Opening "Sicilian: Grand Prix attack"]
[ECO "B23"]
[NIC "SI.44"]
[Time "20:44:51"]
[PlyCount "59"]
[TimeControl "180+2"]

1. e4 c5 2. Nc3 Nc6 3. f4 g6 4. Nf3 Bg7 5. g3 d6 6. d3 Nf6 7. Bg2 O-O 8.
Ne2 d5 9. e5 Nd7 10. O-O f6 11. e6 Nb6 12. f5 gxf5 13. Nf4 Qd6 14. Re1 Bh6
15. Nh4 Nd4 16. c3 Nxe6 17. Nxf5 Bxf4 18. Bxf4 Qc6 19. Nxe7+ Kh8 20. Nxc6
bxc6 21. Bh6 Rg8 22. d4 cxd4 23. cxd4 Nc4 24. b3 Nd6 25. Bh3 Nxd4 26. Qxd4
Rg6 27. Bf4 Nb5 28. Re8+ Kg7 29. Qb4 Bb7 30. Qf8# { Black checkmated } 1-0

[Event "ICC tourney 2308 (3 2)"]
[Site "Internet Chess Club"]
[Date "2021.01.15"]
[Round "4"]
[White "arunjayanthi"]
[Black "dsmartins"]
[Result "0-1"]
[ICCResult "White forfeits on time"]
[WhiteElo "1524"]
[BlackElo "1777"]
[Opening "Scandinavian (center counter) defense"]
[ECO "B01"]
[NIC "SD.01"]
[Time "20:44:31"]
[PlyCount "50"]
[TimeControl "180+2"]

1. e4 d5 2. exd5 Qxd5 3. Nc3 Qa5 4. Nf3 Nf6 5. d3 c6 6. Be2 Bf5 7. O-O e6
8. Bg5 Be7 9. Bxf6 Bxf6 10. Ne4 Bxe4 11. dxe4 O-O 12. c3 Qc7 13. Bc4 Rd8
14. Qe2 Nd7 15. Rfd1 Ne5 16. Rxd8+ Rxd8 17. Rd1 Rxd1+ 18. Qxd1 Nxc4 19. Qb3
Nb6 20. a4 h6 21. Kf1 Nd7 22. h3 Nc5 23. Qc4 Qd6 24. Qb4 Qd1+ 25. Ne1 Nd3 {
White forfeits on time } 0-1

[Event "ICC tourney 2308 (3 2)"]
[Site "Internet Chess Club"]
[Date "2021.01.15"]
[Round "4"]
[White "ThomasBoyle"]
[Black "DrKnight01"]
[Result "1-0"]
[ICCResult "Black resigns"]
[WhiteElo "1283"]
[BlackElo "1216"]
[Opening "King's pawn game"]
[ECO "C50"]
[NIC "IG.03"]
[Time "20:44:28"]
[PlyCount "73"]
[TimeControl "180+2"]

1. e4 e5 2. Bc4 Nc6 3. Nf3 h6 4. d4 d6 5. dxe5 Nxe5 6. Nxe5 dxe5 7. Qxd8+
Kxd8 8. Nc3 Be6 9. Bd3 Nf6 10. Be3 Bd6 11. Rd1 Ke7 12. O-O b6 13. Ba6 Raf8
14. Bb7 g5 15. Nd5+ Bxd5 16. exd5 g4 17. c4 Rfg8 18. c5 bxc5 19. Rc1 Ne4
20. a3 h5 21. b4 cxb4 22. axb4 h4 23. g3 hxg3 24. fxg3 Bxb4 25. Rxc7+ Kd6
26. Rc6+ Ke7 27. Bxa7 Rh3 28. Rc7+ Kd6 29. Rfxf7 Rd8 30. Rc6+ Kxd5 31. Rc8+
Ke6 32. Rxd8 Kxf7 33. Bxe4 Ke6 34. Re8+ Kd6 35. Bb8+ Kd7 36. Rxe5 Bd2 37.
Rd5+ { Black resigns } 1-0

[Event "ICC tourney 2308 (3 2)"]
[Site "Internet Chess Club"]
[Date "2021.01.15"]
[Round "4"]
[White "iszerencsy"]
[Black "mhebden"]
[Result "0-1"]
[ICCResult "White resigns"]
[WhiteElo "1425"]
[BlackElo "2503"]
[Opening "QP counter-gambit (elephant gambit)"]
[ECO "C40"]
[NIC "KP.10"]
[Time "20:44:34"]
[PlyCount "72"]
[TimeControl "180+2"]

1. e4 e5 2. Nf3 d5 3. exd5 e4 4. Nd4 Qxd5 5. Nb3 Bf5 6. Nc3 Qd7 7. Bc4 Nc6
8. O-O O-O-O 9. f3 exf3 10. Qxf3 Bxc2 11. Qxf7 Qxf7 12. Bxf7 Nf6 13. Be6+
Kb8 14. Bf5 Bxb3 15. axb3 Nd4 16. Ra4 Bc5 17. Kh1 Nxb3 18. Nb5 a6 19. Nc3
Rhf8 20. Rc4 Ba7 21. d3 Nxc1 22. Rxc1 c6 23. Ne4 Nd5 24. Bh3 h6 25. Nc5
Bxc5 26. Rxc5 Nf4 27. Rf5 Rxf5 28. Bxf5 Nxd3 29. Bxd3 Rxd3 30. g3 Rd2 31.
Rb1 a5 32. b4 a4 33. Ra1 b5 34. h3 Rb2 35. Rc1 a3 36. Ra1 a2 { White
resigns } 0-1

[Event "ICC tourney 2308 (3 2)"]
[Site "Internet Chess Club"]
[Date "2021.01.15"]
[Round "4"]
[White "Openyagami"]
[Black "chesssky"]
[Result "1-0"]
[ICCResult "Black checkmated"]
[WhiteElo "2606"]
[BlackElo "1991"]
[Opening "QGD Slav: 4.e3"]
[ECO "D11"]
[NIC "EO.64"]
[Time "20:44:25"]
[PlyCount "49"]
[TimeControl "180+2"]

1. c4 c6 2. Nf3 d5 3. e3 Nf6 4. d4 e6 5. Bd3 Nbd7 6. O-O dxc4 7. Bxc4 b5 8.
Bd3 Bb7 9. a4 a6 10. e4 Be7 11. Nbd2 O-O 12. e5 Nd5 13. Ne4 b4 14. Nfg5 g6
15. Qg4 h5 16. Qg3 Nc7 17. Nd6 Bxd6 18. exd6 Ne8 19. Nxe6 fxe6 20. Qxg6+
Ng7 21. Qh7+ Kf7 22. Bg6+ Kf6 23. Qh6 Qa5 24. Bh7+ Kf7 25. Qg6# { Black
checkmated } 1-0

[Event "ICC tourney 2308 (3 2)"]
[Site "Internet Chess Club"]
[Date "2021.01.15"]
[Round "4"]
[White "ZYCON"]
[Black "CheddarCheng1"]
[Result "1-0"]
[ICCResult "Black checkmated"]
[WhiteElo "1385"]
[BlackElo "1424"]
[Opening "King's Indian: Petrosian system, main line"]
[ECO "E93"]
[NIC "KI.12"]
[Time "20:44:30"]
[PlyCount "73"]
[TimeControl "180+2"]

1. d4 Nf6 2. c4 g6 3. Nc3 Bg7 4. e4 d6 5. Nf3 O-O 6. Be2 e5 7. d5 Nbd7 8.
O-O a5 9. Be3 Ne8 10. Qc2 f5 11. exf5 gxf5 12. Bg5 Nef6 13. Qxf5 Nc5 14.
Bxf6 Rxf6 15. Qc2 Bf5 16. Qd2 e4 17. Nd4 Qe7 18. Nxf5 Rxf5 19. Bg4 Re5 20.
Rfe1 Re8 21. Re2 Kh8 22. Rae1 Nd3 23. Rd1 Nc5 24. Rde1 Qh4 25. Bh3 Bh6 26.
Qc2 e3 27. f3 Qxc4 28. b3 Qb4 29. Nd1 a4 30. bxa4 Nxa4 31. Qxc7 Rxd5 32.
Bd7 Rg8 33. Be6 Rc5 34. Qf7 Rd8 35. Qf6+ Bg7 36. Qxd8+ Bf8 37. Qxf8# {
Black checkmated } 1-0

[Event "ICC tourney 2308 (3 2)"]
[Site "Internet Chess Club"]
[Date "2021.01.15"]
[Round "4"]
[White "spideydavey"]
[Black "aberdeenace"]
[Result "0-1"]
[ICCResult "White resigns"]
[WhiteElo "1802"]
[BlackElo "1546"]
[Opening "Robatsch defense: Pseudo-Austrian attack"]
[ECO "B06"]
[NIC "PU.05"]
[Time "20:44:39"]
[PlyCount "70"]
[TimeControl "180+2"]

1. e4 g6 2. d4 Bg7 3. Nc3 d6 4. f4 Nf6 5. Nf3 Bg4 6. h3 Bxf3 7. Qxf3 Nc6 8.
e5 Nxd4 9. Qd3 dxe5 10. fxe5 Nh5 11. g4 Ng3 12. Qxg3 Nxc2+ 13. Kf2 Nxa1 14.
Be3 Nc2 15. Bb5+ c6 16. Rd1 Qc7 17. Ba4 Nxe3 18. Qxe3 Bxe5 19. Bb3 Qb6 20.
Kf3 Qxe3+ 21. Kxe3 Bxc3 22. bxc3 Rd8 23. Rf1 e6 24. Ke4 Ke7 25. Ke5 Rd2 26.
h4 h6 27. Rf3 Rhd8 28. Ke4 Re2+ 29. Kf4 Rdd2 30. g5 hxg5+ 31. Kxg5 Rg2+ 32.
Kh6 Rh2 33. Kg7 Rdf2 34. Rxf2 Rxf2 35. h5 gxh5 { White resigns } 0-1

[Event "ICC tourney 2308 (3 2)"]
[Site "Internet Chess Club"]
[Date "2021.01.15"]
[Round "4"]
[White "CaptK"]
[Black "pyaru536"]
[Result "1-0"]
[ICCResult "Black checkmated"]
[WhiteElo "2368"]
[BlackElo "2092"]
[Opening "Ruy Lopez: fianchetto (Smyslov/Barnes) defense"]
[ECO "C60"]
[NIC "RL.03"]
[Time "20:44:25"]
[PlyCount "115"]
[TimeControl "180+2"]

1. e4 e5 2. Nf3 Nc6 3. Bb5 g6 4. c3 Bg7 5. d4 exd4 6. cxd4 a6 7. Ba4 b5 8.
Bc2 d6 9. Bg5 Nge7 10. Nc3 Bg4 11. Nd5 h6 12. Bf6 O-O 13. Nxe7+ Nxe7 14.
Bxg7 Kxg7 15. h3 Bd7 16. O-O c5 17. dxc5 dxc5 18. Qd6 Kg8 19. Rfd1 Be6 20.
Qxc5 Qc8 21. Qxc8 Raxc8 22. Bb3 Bxb3 23. axb3 Rc2 24. Rxa6 Rxb2 25. Rd7 Nc8
26. Nd4 Rd2 27. Ra8 Nb6 28. Rxf8+ Kxf8 29. Ne6+ fxe6 30. Rxd2 Ke7 31. f3 e5
32. Kf2 Ke6 33. Ke3 Nd7 34. b4 Nb6 35. Ra2 Nc4+ 36. Ke2 Kf6 37. h4 Ke6 38.
Ra6+ Kf7 39. g3 g5 40. Rxh6 gxh4 41. gxh4 Kg7 42. Rc6 Nb2 43. Rc5 Nc4 44.
Rxc4 bxc4 45. Kd2 Kh6 46. b5 Kh5 47. b6 Kxh4 48. b7 Kg3 49. b8=Q Kxf3 50.
Qxe5 c3+ 51. Kxc3 Kg4 52. Qf5+ Kg3 53. e5 Kg2 54. e6 Kg3 55. e7 Kg2 56.
e8=R Kg3 57. Rg8+ Kh4 58. Qg4# { Black checkmated } 1-0

[Event "ICC tourney 2308 (3 2)"]
[Site "Internet Chess Club"]
[Date "2021.01.15"]
[Round "4"]
[White "kittypuppy"]
[Black "sarvadh"]
[Result "0-1"]
[ICCResult "White checkmated"]
[WhiteElo "1058"]
[BlackElo "2250"]
[Opening "Grünfeld: 5.Bg5"]
[ECO "D91"]
[NIC "GI.08"]
[Time "20:44:36"]
[PlyCount "98"]
[TimeControl "180+2"]

1. d4 Nf6 2. c4 g6 3. Nc3 d5 4. Nf3 Bg7 5. Bg5 Ne4 6. e3 Nxg5 7. Nxg5 c6 8.
Nf3 O-O 9. Bd3 Bg4 10. c5 Nd7 11. h3 Bxf3 12. Qxf3 e5 13. Bc2 exd4 14. exd4
Bxd4 15. Na4 Re8+ 16. Kd2 Qg5+ 17. Kd1 Ne5 18. Qg3 Qxg3 19. fxg3 Nc4 20.
Rb1 Ne3+ 21. Kd2 Nxc2 22. Kxc2 Re4 23. Rhe1 Rae8 24. Rxe4 Rxe4 25. b4 Be5
26. Nc3 Rc4 27. Rb3 d4 28. Kd3 Rxc3+ 29. Rxc3 dxc3 30. Kc2 f5 31. g4 Kf7
32. gxf5 gxf5 33. a4 Ke6 34. Kb3 Kd5 35. h4 h5 36. g3 Kd4 37. g4 fxg4 38.
a5 a6 39. b5 g3 40. bxc6 bxc6 41. Kc2 g2 42. Kb3 g1=Q 43. Kc2 Qf2+ 44. Kb3
Qb2+ 45. Ka4 Qb5+ 46. Ka3 Kc4 47. Ka2 Qa4+ 48. Kb1 Kb3 49. Kc1 Qa1# { White
checkmated } 0-1

[Event "ICC tourney 2308 (3 2)"]
[Site "Internet Chess Club"]
[Date "2021.01.15"]
[Round "4"]
[White "woochess"]
[Black "PappusChain923"]
[Result "0-1"]
[ICCResult "White forfeits on time"]
[WhiteElo "2595"]
[BlackElo "2147"]
[Opening "Caro-Kann: Goldman (Spielmann) variation"]
[ECO "B11"]
[NIC "CK.01"]
[Time "20:44:27"]
[PlyCount "68"]
[TimeControl "180+2"]

1. e4 c6 2. Nc3 d5 3. Qf3 Nf6 4. e5 Ng4 5. d4 h5 6. h3 c5 7. Qxd5 cxd4 8.
Bb5+ Bd7 9. Ne4 e6 10. Qxb7 Nxe5 11. Qxa8 Bxb5 12. Qxa7 Nec6 13. Qb7 Bb4+
14. Bd2 Ba6 15. Qa8 Bxd2+ 16. Nxd2 O-O 17. Ngf3 Qb6 18. Nc4 Qb5 19. b3 Nd7
20. Qxf8+ Kxf8 21. O-O-O e5 22. Rhe1 f6 23. g4 hxg4 24. hxg4 Nb6 25. Nd6
Qc5 26. Ne4 Qa3+ 27. Kd2 Qa5+ 28. Kc1 Qxa2 29. Kd2 Qa5+ 30. Kc1 Nc4 31.
bxc4 Qa3+ 32. Kd2 Qxf3 33. g5 Qf4+ 34. Ke2 Bxc4+ { White forfeits on time }
0-1

[Event "ICC tourney 2308 (3 2)"]
[Site "Internet Chess Club"]
[Date "2021.01.15"]
[Round "4"]
[White "ved2006"]
[Black "Ben2008"]
[Result "0-1"]
[ICCResult "White resigns"]
[WhiteElo "1686"]
[BlackElo "1900"]
[Opening "Queen's pawn game"]
[ECO "D05"]
[NIC "QP.08"]
[Time "20:44:18"]
[PlyCount "110"]
[TimeControl "180+2"]

1. d4 d5 2. Nf3 Nf6 3. e3 e6 4. c4 Be7 5. Nc3 O-O 6. Bd3 b6 7. O-O Bb7 8.
b3 Nbd7 9. Bb2 c5 10. Rc1 Rc8 11. Qe2 dxc4 12. Bxc4 cxd4 13. Nxd4 Ne5 14.
Ba6 Qd7 15. Bxb7 Qxb7 16. Rfd1 Rfd8 17. Ndb5 a6 18. Na3 Rxd1+ 19. Qxd1 Nfd7
20. Ne2 b5 21. Rxc8+ Qxc8 22. Nc2 Bf6 23. Ncd4 Nc5 24. b4 Ncd3 25. Qb3 Nxb2
26. Qxb2 Nc4 27. Qc2 Qd7 28. g3 h6 29. Qe4 Qd6 30. Kg2 Qxb4 31. Qa8+ Kh7
32. Qxa6 Bxd4 33. Nxd4 Qb2 34. Qxb5 Nxe3+ 35. Kf3 Nd1 36. Qxb2 Nxb2 37. a3
Kg6 38. Nb3 Na4 39. Ke4 Kg5 40. Kd4 Kg4 41. Kc4 Kf3 42. Kb5 Nb2 43. a4 Nxa4
44. Kxa4 Kxf2 45. Nd4 Kg2 46. Kb5 Kxh2 47. Kc6 Kxg3 48. Kd7 h5 49. Ke7 h4
50. Kxf7 h3 51. Nxe6 h2 52. Nxg7 h1=Q 53. Nf5+ Kg4 54. Ne3+ Kf3 55. Nc4 Qc1
{ White resigns } 0-1

[Event "ICC tourney 2308 (3 2)"]
[Site "Internet Chess Club"]
[Date "2021.01.15"]
[Round "4"]
[White "HR2005"]
[Black "YKQ"]
[Result "0-1"]
[ICCResult "White checkmated"]
[WhiteElo "2041"]
[BlackElo "2550"]
[Opening "Philidor: Improved Hanham variation"]
[ECO "B07"]
[NIC "PU.08"]
[Time "20:44:43"]
[PlyCount "134"]
[TimeControl "180+2"]

1. e4 d6 2. d4 Nf6 3. Nc3 Nbd7 4. Nf3 e5 5. Bc4 Be7 6. O-O O-O 7. h3 c6 8.
a4 b6 9. b3 a6 10. Bb2 Rb8 11. dxe5 dxe5 12. Nh4 b5 13. axb5 axb5 14. Be2
b4 15. Nb1 Nxe4 16. Nf5 Bf6 17. Bf3 Ndc5 18. Ne3 Qxd1 19. Rxd1 Be6 20. Nd2
Nxd2 21. Rxd2 e4 22. Bxf6 gxf6 23. Be2 Rfd8 24. Rad1 Rxd2 25. Rxd2 f5 26.
Nc4 Kg7 27. Ne5 Bd5 28. Bc4 Bxc4 29. Nxc4 Ne6 30. Rd6 c5 31. g4 fxg4 32.
hxg4 Nd4 33. Ne3 Nxc2 34. Nxc2 Ra8 35. Ne3 f6 36. Rc6 Ra3 37. Rxc5 Rxb3 38.
Rb5 Kg6 39. Kg2 Rb1 40. Nf5 b3 41. Rb7 Kg5 42. Ne3 Kf4 43. Nd5+ Ke5 44. Nc3
Rb2 45. Na4 Rb1 46. Rxh7 Ra1 47. Nc3 Rc1 48. Ne2 b2 49. Rb7 b1=Q 50. Rxb1
Rxb1 51. Ng3 Rb2 52. Kf1 Kf4 53. Nh5+ Kf3 54. Kg1 Rb1+ 55. Kh2 Kxf2 56.
Nxf6 e3 57. g5 e2 58. Ng4+ Kf3 59. g6 Kxg4 60. g7 Rb8 61. g8=Q+ Rxg8 62.
Kg2 e1=R 63. Kf2 Ra1 64. Kg2 Ra3 65. Kg1 Rb8 66. Kh2 Rb2+ 67. Kg1 Ra1# {
White checkmated } 0-1